AoeStats
← Murkeldjuret. ®

Nomad

510166610Analyzed
4v4 RM · 3d ago on Sep 29, 2026· 62m 35s· 8 players
Game mode
Random Map
Map size
231×231
Population
200
Speed
Normal
Resources
Standard
Victory
Conquest
Starting age
Dark Age
Ending age
Imperial Age
RankedLock teamsTeams togetherTeam positionsShared explorationLock speedFull tech treeHidden civsTurbo modeCheats
Victory
Defeat
🇲🇽 Varangians · Mexico
1145
+17
🇫🇷 Japanese · France
1136
+17
🇸🇪 Danes · Sweden
1125
+17
🇸🇪 Persians · Sweden
1113
+18
🇪🇸 Huns · Spain
1171
-18
🇸🇪 Malians · Sweden
1171
-18
🇦🇷 Wei · Argentina
1164
-18
🇩🇪 Varangians · Germany
1114
-15
KKUSH-PANIER
4:39 Loom
13:40 Feudal Age
14:10 Double-Bit Axe
21:56 Castle Age
23:05 Stone Mining
23:05 Gold Mining
23:11 Pikeman
24:04 Forging
23:46 Fishing Lines
23:58 Town Watch
25:54 Bow Saw
25:46 Fletching
28:44 Wheelbarrow
40:40 Horse Collar
50:30 Imperial Age
49:10 Heavy Plow
49:49 Iron Casting
54:03 Conscription
53:47 Scale Mail Armor
54:47 Blast Furnace
55:18 Elite Samurai
Murmeldjuret. ®
3:38 Loom
12:43 Feudal Age
17:38 Castle Age
21:36 Double-Bit Axe
29:58 Horse Collar
33:00 Imperial Age
30:13 Horse Collar
31:04 Forging
32:30 Heavy Plow
32:45 Bloodlines
33:50 Wheelbarrow
33:20 Cavalier
35:12 Scale Barding Armor
36:04 Iron Casting
39:17 Chain Barding Armor
40:17 Crop Rotation
40:29 Savar
43:13 Plate Barding Armor
43:52 Blast Furnace
43:30 Conscription
54:03 Bow Saw
53:45 Gold Mining
53:46 Stone Mining
53:38 Fishing Lines
54:09 Medium Warships
Murkeldjuret. ®
5:02 Loom
12:30 Feudal Age
14:10 Double-Bit Axe
17:36 Castle Age
16:15 Stone Mining
16:16 Gold Mining
18:08 Fletching
18:50 Bow Saw
18:59 Bodkin Arrow
29:44 Gold Shaft Mining
29:47 Stone Shaft Mining
33:42 Imperial Age
32:29 Arson
32:45 Squires
33:10 Gambesons
35:21 Wheelbarrow
35:54 Bracer
35:55 Padded Archer Armor
36:25 Ballistics
36:47 Conscription
36:46 Forging
36:44 Scale Mail Armor
36:16 Elite Skirmisher
38:37 Leather Archer Armor
39:26 Chemistry
39:05 Hand Cart
39:05 Horse Collar
40:35 Elite Longship
42:05 Thumb Ring
42:42 Elite Varangian Guard
44:02 Iron Casting
46:44 Blast Furnace
50:07 Heavy Plow
49:51 Elite Jomsviking
51:01 Chain Mail Armor
51:17 Ring Archer Armor
52:26 Plate Mail Armor
55:01 Murder Holes
59:33 Hamask
59:39 Hamask
60:45 Spies/Treason
62:59 Clinker Construction
SheepishBump670
14:24 Feudal Age
mxptlic
5:27 Loom
14:21 Feudal Age
16:55 Wheelbarrow
16:09 Town Watch
19:22 Castle Age
18:18 Double-Bit Axe
21:03 Bow Saw
24:49 Man-at-Arms
26:26 Stone Mining
26:26 Gold Mining
28:08 Wheelbarrow
29:00 Forging
33:23 Iron Casting
32:38 Fletching
37:12 Imperial Age
36:13 Husbandry
36:24 Bloodlines
35:35 Light Cavalry
38:41 Conscription
39:26 Farimba
40:15 Scale Barding Armor
39:53 Heavy Camel Rider
42:22 Cavalier
ChiMi..ChiMi
5:15 Loom
15:16 Feudal Age
16:08 Double-Bit Axe
18:38 Wheelbarrow
18:47 Fletching
21:01 Castle Age
19:23 Horse Collar
26:20 Town Watch
26:58 Murder Holes
27:43 Ballistics
28:19 Padded Archer Armor
32:52 Bodkin Arrow
34:40 Gold Mining
36:30 Husbandry
36:41 Bloodlines
39:17 Imperial Age
37:49 Leather Archer Armor
38:24 Stone Mining
40:51 Hand Cart
44:41 Gold Shaft Mining
44:21 Bow Saw
47:31 Two-Man Saw
Crackhörnchen
7:43 Loom
14:37 Feudal Age
20:30 Castle Age
18:49 Double-Bit Axe
19:20 Horse Collar
20:08 Forging
39:19 Imperial Age
36:56 Scale Mail Armor
38:33 Iron Casting
38:37 Wheelbarrow
41:32 Elite Varangian Guard
48:20 Gothikon
49:38 Conscription
51:10 Blast Furnace
SIKUS | diavolomagro
4:58 Loom
15:01 Feudal Age
19:08 Castle Age
18:19 Double-Bit Axe
19:18 Fletching
19:43 Town Watch
20:35 Medium Warships
22:38 Forging
25:51 Iron Casting
27:20 Wheelbarrow
27:14 Fishing Lines
27:48 Bow Saw
29:55 Gold Mining
29:47 Horse Collar
39:43 Imperial Age
39:01 Bodkin Arrow
39:06 Padded Archer Armor
39:56 Hand Cart
40:54 Heavy Warships
41:21 Parthian Tactics
41:01 Thumb Ring
41:27 Conscription
41:36 Ming Guang Armor
42:02 Bracer
42:18 Leather Archer Armor
43:14 Chemistry
42:53 Heavy Plow
43:30 Gold Shaft Mining
43:29 Scale Barding Armor
44:24 Blast Furnace
43:33 Tuntian
44:33 Ring Archer Armor
46:21 Chain Barding Armor
47:01 Blast Furnace
46:21 Chain Barding Armor
47:01 Blast Furnace
47:05 Ballistics
46:55 Masonry
47:07 Elite Tiger Cavalry
Connection lost

Rejoining the realm…

Still unreachable

The connection could not be restored.

Session expired

The server has moved on; the page needs a fresh start.